 Dungeon Sprint DCSS version 0.17-a0-1655-g88a8506 (webtiles) character file.

45035 Kidiri the Imperceptible (level 13, -27/56 HPs)
             Began as a Spriggan Enchanter on Aug 15, 2015.
             Was the Champion of Dithmenos.
             Annihilated by a six-headed hydra simulacrum (37 damage)
             ... in the Dungeon (Sprint III: "The Ten Rune Challenge").
             The game lasted 00:28:43 (5625 turns).

Kidiri the Imperceptible (Spriggan Enchanter)       Turns: 5625, Time: 00:28:43

Health: -27/56     AC:  5    Str:  4    XL:     13   Next: 29%
Magic:  30/35      EV: 36    Int: 19    God:    Dithmenos [******]
Gold:   4011       SH:  0    Dex: 19    Spells: 10 memorised, 11 levels left

rFire  . . .     SeeInvis +     l - +0 dagger (speed)
rCold  . . .     Clarity  .     b - +1 robe
rNeg   . . .     SustAt   .     (shield restricted)
rPois  .         Gourm    .     s - +2 hat
rElec  .         Spirit   .     (no cloak)
rCorr  .         Warding  .     (gloves unavailable)
rMut   .         NoTele   +     (boots unavailable)
MR     ++...                    (no amulet)
Stlth  ++++++++++               (no ring)
                                (no ring)

@: wreathed by umbra, very quick, very resistant to hostile enchantments,
uncannily stealthy
A: unfitting armour, see invisible, herbivore 3, speed 3, mutation resistance 1,
slow metabolism 2
a: Shadow Step, Shadow Form, Renounce Religion
}: 1/10 runes: serpentine


You were in the Dungeon.
You worshipped Dithmenos.
Dithmenos was exalted by your worship.
You were not hungry.

You visited 1 branch You collected 4986 gold pieces.
You spent 975 gold pieces at shops.

Inventory:

Hand weapons
 l - a +0 dagger of speed (weapon)
Missiles
 i - 10 throwing nets (quivered)
Armour
 b - a +1 robe (worn)
 s - a +2 hat (worn)
Scrolls
 j - a scroll of blinking
 n - 3 scrolls of remove curse
 q - a scroll of torment
Potions
 c - a potion of cure mutation {unknown}
 e - a potion of brilliance
 f - a potion of berserk rage
 g - a potion of might
 h - 2 potions of magic
 m - a potion of curing
 p - 4 potions of flight
 r - a potion of ambrosia {unknown}
Books
 a - a book of Burglary

   Spells                             Type                      Level
   a - Swiftness                      Charms/Air                   2
   b - Passwall                       Transmutation/Earth          3
   c - Passage of Golubria            Translocation                4
   d - Lee's Rapid Deconstruction     Earth                        5
   e - Darkness                       Hexes                        6
   f - Invisibility                   Hexes                        6
Comestibles
 d - a bread ration
 k - 6 fruits
 o - 24 royal jellies


   Skills:
 - Level 0.5 Fighting
 + Level 12.0 Short Blades
 * Level 20.6 Dodging
 * Level 22.1 Stealth
 * Level 17.9 Spellcasting
 + Level 8.2 Conjurations
 + Level 14.2 Hexes
 + Level 2.2 Translocations
 + Level 1.8 Transmutations
 + Level 9.1 Ice Magic
 + Level 1.2 Earth Magic
 + Level 10.2 Invocations


You had 11 spell levels left.
You knew the following spells:

 Your Spells              Type           Power        Failure   Level  Hunger
a - Corona                Hex            ######.      0%          1    None
b - Ensorcelled Hibernat  Hex/Ice        ######       1%          2    None
c - Confuse               Hex            ######..     1%          3    None
d - Tukima's Dance        Hex            ######..     1%          3    None
e - Dazzling Spray        Conj/Hex       ######..     1%          3    None
f - Passwall              Trmt/Erth      ###.......   6%          3    None
g - Passage of Golubria   Tloc           N/A          14%         4    None
h - Lee's Rapid Deconstr  Erth           ###.......   63%         5    ##.....
i - Darkness              Hex            ######....   1%          6    #####..
j - Invisibility          Hex            ######..     1%          6    #####..


Dungeon Overview and Level Annotations

Branches:
Dungeon (1/1)

Altars:
Cheibriados
Dithmenos
Elyvilon
Fedhas
Gozag
Kikubaaqudgha
Makhleb
Nemelex Xobeh
Okawaru
Qazlal
Ru
Sif Muna
Trog
Vehumet
Xom
Yredelemnul
Zin
The Shining One
Jiyva
Lugonu

Shops:
D :((:(%


Innate Abilities, Weirdness & Mutations

You are tiny and cannot use many weapons and most armour.
You have supernaturally acute eyesight.
You are a herbivore.
You cover ground extremely quickly.
You need consume almost no food.
You are somewhat resistant to further mutation.


Message History

Which direction?
You begin to meditate on the wall.
You continue meditating on the rock.
You continue meditating on the rock.
You finish merging with the rock.
Found four items. 3 simulacra come into view.
You hit the six-headed hydra simulacrum but do no damage.
The six-headed hydra simulacrum bites you.
The six-headed hydra simulacrum freezes you!!
Ouch! That really hurt!
You emit a cloud of dark smoke.
The six-headed hydra simulacrum completely misses you.
The six-headed hydra simulacrum bites you but does no damage.
The six-headed hydra simulacrum completely misses you. x2
The six-headed hydra simulacrum bites you!
* * * LOW HITPOINT WARNING * * *
You emit a cloud of dark smoke.
The six-headed hydra simulacrum freezes you!!!
Ouch! That really hurt!
You die...

...#...#..#..##..')......#...≈≈≈≈
▓▓▓▓▓▓▓▓▓▓▓▓▓▓▓▓▓#)......#.......
≈≈≈........≈≈≈...#.......#.......
♣≈≈≈≈≈≈≈≈≈≈≈≈♣♣P.+.......#.......
♣♣♣♣♣♣♣♣♣♣♣♣♣♣♣PP#.......########
♣ ♣♣♣##'######
♣♣♣♣♣♣♣♣♣♣♣♣♣♣♣♣♣#...+
##..##≈≈≈≈≈≈..#ZZ#...#
#.##.#≈≈≈≈≈§§.#Z@#).)#
.##.##+≈≈≈≈§####+#####
.##..(#≈≈...§§§§§#
#.##.)#≈.(+#######
#.#####...#[)....#
..##......#♣♣♣._.#
####+############# #...........##
#............#


You could see a six-headed hydra simulacrum, a five-headed hydra simulacrum and
a fire dragon simulacrum.

Vanquished Creatures
  Rupert (D)
  Gastronok (D)
  Harold (D)
  A greater naga (D)
  Maud (D)
  2 dire elephants (D)
  Erolcha (D)
  A hydra (D)
  3 ice dragons (D)
  A naga warrior (D)
  4 anacondas (D)
  4 death yaks (D)
  A death drake (D)
  A spriggan druid (D)
  A lindwurm (D)
  Joseph (D)
  2 elephants (D)
  A guardian serpent (D)
  6 black mambas (D)
  2 spiny frogs (D)
  A komodo dragon (D)
  A fire drake (D)
  A deep elf priest (D)
  3 wandering mushrooms (D)
  A queen bee (D)
  8 blink frogs (D)
  2 trapdoor spiders (D)
  4 redbacks (D)
  2 spriggans (D)
  A shadow (D)
  2 hill giants (D)
  2 nagas (D)
  3 water moccasins (D)
  A spatial vortex (D)
  A necrophage (D)
  A swamp drake (D)
  3 orc warriors (D)
  3 two-headed ogres (D)
  2 brain worms (D)
  A water elemental (D)
  An electric eel (D)
  32 killer bees (D)
  A jelly (D)
  3 orc priests (D)
  Jessica (D)
  A wolf (D)
  A wizard (D)
  A necromancer (D)
  A kobold demonologist (D)
  3 humans (D)
  2 adders (D)
  An ooze (D)
  2 swamp drake simulacra (D)
  12 orcs (D)
  A rat (D)
142 creatures vanquished.

Vanquished Creatures (others)
  2 draconian scorchers (D)
  2 hydras (D)
  2 yaktaurs (D)
  14 plants (D)
20 creatures vanquished.

Grand Total: 162 creatures vanquished

Notes
Turn   | Place    | Note
--------------------------------------------------------------
     0 | D        | Kidiri the Spriggan Enchanter began the quest for the Orb.
     0 | D        | Reached XP level 1. HP: 9/9 MP: 5/5
     9 | D        | Reached skill level 5 in Stealth
    32 | D        | Noticed Jessica
    61 | D        | Killed Jessica
    61 | D        | Reached skill level 5 in Dodging
    61 | D        | Reached skill level 6 in Stealth
    61 | D        | Reached XP level 2. HP: 5/13 MP: 6/8
    61 | D        | Reached XP level 3. HP: 6/16 MP: 7/10
    65 | D        | Learned a level 2 spell: Ensorcelled Hibernation
    69 | D        | Learned a level 3 spell: Confuse
    73 | D        | Learned a level 3 spell: Tukima's Dance
   132 | D        | Killed a yaktaur
   154 | D        | Killed a white draconian scorcher
   173 | D        | Killed a white draconian scorcher
   254 | D        | Noticed a wolf
   267 | D        | Reached skill level 7 in Stealth
   289 | D        | Killed a wolf
   289 | D        | Reached skill level 5 in Spellcasting
   289 | D        | Reached skill level 1 in Ice Magic
   289 | D        | Reached XP level 4. HP: 7/21 MP: 6/12
   294 | D        | Learned a level 3 spell: Dazzling Spray
   312 | D        | Gained mutation: You are somewhat resistant to further mutation. [potion of mutation]
   319 | D        | Killed a six-headed hydra
   603 | D        | Noticed a water elemental
   634 | D        | Killed a water elemental
   634 | D        | Reached skill level 8 in Stealth
   783 | D        | Noticed a jelly
   784 | D        | Noticed a shadow
   891 | D        | Killed a shadow
   891 | D        | Reached skill level 10 in Stealth
   891 | D        | Reached skill level 1 in Conjurations
   891 | D        | Reached XP level 5. HP: 25/25 MP: 4/16
   891 | D        | Reached XP level 6. HP: 29/29 MP: 4/17
  1011 | D        | Killed a jelly
  1025 | D        | Found a stormy altar of Qazlal.
  1026 | D        | Noticed a spatial vortex
  1026 | D        | Found a sacrificial altar of Ru.
  1026 | D        | Found a burning altar of Makhleb.
  1026 | D        | Found a viscous altar of Jiyva.
  1026 | D        | Found a shimmering altar of Xom.
  1026 | D        | Found a shadowy altar of Dithmenos.
  1026 | D        | Found a sparkling altar of Nemelex Xobeh.
  1026 | D        | Found a corrupted altar of Lugonu.
  1026 | D        | Found an opulent altar of Gozag.
  1027 | D        | Killed a spatial vortex
  1027 | D        | Reached skill level 10 in Dodging
  1027 | D        | Reached skill level 11 in Stealth
  1031 | D        | Became a worshipper of Dithmenos the Shadowed
  1058 | D        | Found a radiant altar of Vehumet.
  1059 | D        | Found a deep blue altar of Sif Muna.
  1059 | D        | Found an ancient bone altar of Kikubaaqudgha.
  1059 | D        | Noticed a wizard
  1060 | D        | Killed a wizard
  1085 | D        | Found a glowing silver altar of Zin.
  1086 | D        | Found a glowing golden altar of the Shining One.
  1086 | D        | Found a white marble altar of Elyvilon.
  1086 | D        | Noticed a deep elf priest
  1088 | D        | Killed a deep elf priest
  1088 | D        | Reached skill level 12 in Stealth
  1088 | D        | Reached XP level 7. HP: 32/32 MP: 18/20
  1100 | D        | Found an iron altar of Okawaru.
  1101 | D        | Found a bloodstained altar of Trog.
  1101 | D        | Noticed a human
  1101 | D        | Noticed a human
  1103 | D        | Killed a human
  1104 | D        | Killed a human
  1104 | D        | Reached skill level 10 in Spellcasting
  1119 | D        | Found a snail-covered altar of Cheibriados.
  1119 | D        | Noticed a necrophage
  1120 | D        | Found a basalt altar of Yredelemnul.
  1120 | D        | Found a blossoming altar of Fedhas.
  1120 | D        | Noticed a necromancer
  1121 | D        | Killed a necrophage
  1121 | D        | Acquired Dithmenos's first power
  1121 | D        | Reached XP level 8. HP: 37/37 MP: 23/23
  1122 | D        | Killed a necromancer
  1122 | D        | Reached skill level 5 in Short Blades
  1196 | D        | Noticed a two-headed ogre
  1196 | D        | Noticed a two-headed ogre
  1201 | D        | Killed a two-headed ogre
  1203 | D        | Killed a two-headed ogre
  1205 | D        | Noticed a two-headed ogre
  1209 | D        | Killed a two-headed ogre
  1209 | D        | Acquired Dithmenos's second power
  1209 | D        | Reached skill level 13 in Stealth
  1263 | D        | Noticed a hill giant
  1263 | D        | Noticed Erolcha
  1264 | D        | Noticed a redback
  1392 | D        | Killed a yaktaur
  1395 | D        | Killed a redback
  1404 | D        | Noticed a hill giant
  1411 | D        | Killed a hill giant
  1412 | D        | Killed a hill giant
  1415 | D        | Killed Erolcha
  1415 | D        | Reached skill level 14 in Stealth
  1415 | D        | Reached skill level 10 in Hexes
  1415 | D        | Reached XP level 9. HP: 34/40 MP: 10/25
  1432 | D        | Noticed a trapdoor spider
  1433 | D        | Noticed a trapdoor spider
  1439 | D        | Killed a trapdoor spider
  1439 | D        | Acquired Dithmenos's third power
  1882 | D        | Killed a trapdoor spider
  2039 | D        | Noticed a killer bee
  2039 | D        | Noticed a killer bee
  2039 | D        | Noticed a killer bee
  2039 | D        | Noticed a killer bee
  2039 | D        | Noticed a killer bee
  2039 | D        | Noticed a killer bee
  2039 | D        | Noticed a killer bee
  2039 | D        | Noticed a killer bee
  2039 | D        | Noticed a killer bee
  2039 | D        | Noticed a killer bee
  2039 | D        | Noticed a killer bee
  2039 | D        | Noticed a killer bee
  2039 | D        | Noticed a killer bee
  2039 | D        | Noticed a killer bee
  2039 | D        | Noticed a killer bee
  2040 | D        | Noticed a killer bee
  2040 | D        | Noticed a killer bee
  2041 | D        | Noticed a killer bee
  2041 | D        | Noticed a killer bee
  2041 | D        | Killed a killer bee
  2042 | D        | Noticed a killer bee
  2042 | D        | Noticed a killer bee
  2042 | D        | Noticed a killer bee
  2043 | D        | Killed a killer bee
  2044 | D        | Noticed a killer bee
  2044 | D        | Noticed a killer bee
  2045 | D        | Noticed a killer bee
  2046 | D        | Noticed a killer bee
  2046 | D        | Noticed a killer bee
  2046 | D        | Killed a killer bee
  2047 | D        | Noticed a killer bee
  2048 | D        | Noticed a queen bee
  2048 | D        | Killed a killer bee
  2048 | D        | Reached skill level 15 in Stealth
  2049 | D        | Noticed a killer bee
  2052 | D        | Killed a killer bee
  2053 | D        | Noticed a killer bee
  2056 | D        | Killed a killer bee
  2056 | D        | Acquired Dithmenos's fourth power
  2058 | D        | Killed a killer bee
  2059 | D        | Noticed a killer bee
  2060 | D        | Killed a killer bee
  2062 | D        | Noticed a killer bee
  2062 | D        | Killed a killer bee
  2062 | D        | Reached skill level 5 in Invocations
  2064 | D        | Killed a killer bee
  2066 | D        | Killed a killer bee
  2068 | D        | Killed a killer bee
  2205 | D        | Killed a killer bee
  2206 | D        | Killed a killer bee
  2210 | D        | Killed a killer bee
  2212 | D        | Killed a killer bee
  2214 | D        | Killed a killer bee
  2214 | D        | Reached skill level 5 in Ice Magic
  2465 | D        | Killed a queen bee
  2467 | D        | Killed a killer bee
  2469 | D        | Killed a killer bee
  2472 | D        | Killed a killer bee
  2474 | D        | Killed a killer bee
  2476 | D        | Killed a killer bee
  2476 | D        | Reached XP level 10. HP: 44/44 MP: 14/27
  2478 | D        | Killed a killer bee
  2480 | D        | Killed a killer bee
  2484 | D        | Killed a killer bee
  2490 | D        | Killed a killer bee
  2490 | D        | Reached skill level 16 in Stealth
  2492 | D        | Killed a killer bee
  2492 | D        | Killed a killer bee
  2513 | D        | Killed a killer bee
  2517 | D        | Killed a killer bee
  2660 | D        | Killed a killer bee
  2685 | D        | Killed a killer bee
  2758 | D        | Noticed a wandering mushroom
  2759 | D        | Noticed a wandering mushroom
  2759 | D        | Noticed a wandering mushroom
  2760 | D        | Killed a wandering mushroom
  2760 | D        | Reached skill level 15 in Dodging
  2762 | D        | Killed a wandering mushroom
  2763 | D        | Killed a wandering mushroom
  2808 | D        | Noticed a spiny frog
  2808 | D        | Noticed a komodo dragon
  2808 | D        | Noticed a spiny frog
  2811 | D        | Killed a komodo dragon
  2813 | D        | Killed a spiny frog
  2813 | D        | Reached skill level 5 in Conjurations
  2815 | D        | Killed a spiny frog
  2839 | D        | Noticed a redback
  2841 | D        | Killed a redback
  2842 | D        | Noticed a brain worm
  2845 | D        | Killed a brain worm
  2855 | D        | Noticed a brain worm
  2857 | D        | Killed a brain worm
  2857 | D        | Reached skill level 17 in Stealth
  2861 | D        | Noticed a lindwurm
  2863 | D        | Noticed a redback
  2864 | D        | Killed a lindwurm
  2869 | D        | Killed a redback
  3005 | D        | Noticed a redback
  3006 | D        | Killed a redback
  3007 | D        | Noticed Maud
  3009 | D        | Killed Maud
  3009 | D        | Reached XP level 11. HP: 48/48 MP: 28/30
  3020 | D        | Noticed an electric eel
  3021 | D        | Noticed a five-headed hydra
  3021 | D        | Noticed a seven-headed hydra
  3024 | D        | Killed an electric eel
  3087 | D        | Killed a seven-headed hydra
  3289 | D        | Killed a five-headed hydra
  3289 | D        | Reached skill level 18 in Stealth
  3295 | D        | Noticed a death drake
  3298 | D        | Killed a death drake
  3408 | D        | Found a blossoming altar of Fedhas.
  3408 | D        | Noticed a spriggan
  3408 | D        | Noticed a spriggan druid
  3408 | D        | Noticed a spriggan
  3415 | D        | Killed a spriggan druid
  3418 | D        | Killed a spriggan
  3419 | D        | Killed a spriggan
  3598 | D        | Noticed a black mamba
  3598 | D        | Noticed a water moccasin
  3598 | D        | Noticed an anaconda
  3599 | D        | Noticed a black mamba
  3600 | D        | Killed an anaconda
  3602 | D        | Killed a water moccasin
  3605 | D        | Killed a black mamba
  3608 | D        | Killed a black mamba
  3713 | D        | Noticed a water moccasin
  3714 | D        | Noticed an anaconda
  3715 | D        | Killed an anaconda
  3715 | D        | Reached skill level 15 in Spellcasting
  3716 | D        | Killed a water moccasin
  3719 | D        | Noticed a water moccasin
  3719 | D        | Noticed an anaconda
  3719 | D        | Noticed an anaconda
  3719 | D        | Noticed a black mamba
  3719 | D        | Noticed a black mamba
  3720 | D        | Killed a water moccasin
  3720 | D        | Reached skill level 19 in Stealth
  3722 | D        | Killed an anaconda
  3724 | D        | Killed an anaconda
  3724 | D        | Reached skill level 10 in Short Blades
  3725 | D        | Killed a black mamba
  3728 | D        | Killed a black mamba
  3768 | D        | Noticed a naga
  3768 | D        | Noticed a naga
  3769 | D        | Noticed a naga warrior
  3769 | D        | Noticed a greater naga
  3769 | D        | Found Laufac's Book Shop.
  3769 | D        | Found Rupupiub's Antique Weapon Shoppe.
  3770 | D        | Killed a naga
  3771 | D        | Killed a naga
  3772 | D        | Found Ulyas Afos's Food Boutique.
  4153 | D        | Killed a naga warrior
  4174 | D        | Killed a greater naga
  4174 | D        | Reached XP level 12. HP: 31/52 MP: 2/32
  4439 | D        | Noticed a guardian serpent
  4441 | D        | Killed a guardian serpent
  4443 | D        | Got a serpentine rune of Zot
  4530 | D        | Noticed a swamp drake
  4530 | D        | Noticed a fire drake
  4531 | D        | Killed a fire drake
  4531 | D        | Reached skill level 20 in Stealth
  4533 | D        | Killed a swamp drake
  4542 | D        | Noticed a blink frog
  4542 | D        | Noticed a blink frog
  4542 | D        | Noticed a blink frog
  4543 | D        | Noticed a blink frog
  4544 | D        | Killed a blink frog
  4545 | D        | Killed a blink frog
  4546 | D        | Noticed a blink frog
  4548 | D        | Killed a blink frog
  4552 | D        | Killed a blink frog
  4554 | D        | Killed a blink frog
  4600 | D        | Noticed Rupert
  4602 | D        | Killed Rupert
  4609 | D        | Noticed a death yak
  4610 | D        | Noticed a death yak
  4610 | D        | Noticed a blink frog
  4610 | D        | Noticed an azure jelly
  4610 | D        | Noticed a death yak
  4610 | D        | Noticed an azure jelly
  4610 | D        | Noticed a blink frog
  4610 | D        | Noticed a death yak
  4611 | D        | Killed a death yak
  4622 | D        | Killed a death yak
  4629 | D        | Noticed a blink frog
  4631 | D        | Killed a death yak
  4765 | D        | Noticed a black mamba
  4772 | D        | Killed a death yak
  4774 | D        | Killed a black mamba
  4774 | D        | Reached skill level 21 in Stealth
  4784 | D        | Noticed a black mamba
  4787 | D        | Killed a blink frog
  4792 | D        | Killed a blink frog
  4800 | D        | Killed a black mamba
  4809 | D        | Killed a blink frog
  4900 | D        | Noticed an ice dragon
  4901 | D        | Noticed an ice dragon
  4901 | D        | Noticed an ice dragon
  4927 | D        | Killed an ice dragon
  4934 | D        | Killed an ice dragon
  4938 | D        | Killed an ice dragon
  5031 | D        | Found Cumoynt's Book Shoppe.
  5031 | D        | Found Wopsismu's Antique Weapon Boutique.
  5080 | D        | Noticed an azure jelly
  5080 | D        | Noticed an azure jelly
  5081 | D        | Noticed an elephant
  5081 | D        | Noticed an elephant
  5081 | D        | Noticed a dire elephant
  5081 | D        | Noticed a dire elephant
  5081 | D        | Noticed Gastronok
  5083 | D        | Killed Gastronok
  5083 | D        | Reached XP level 13. HP: 56/56 MP: 35/35
  5084 | D        | Killed a dire elephant
  5087 | D        | Killed a dire elephant
  5087 | D        | Reached skill level 10 in Invocations
  5090 | D        | Killed an elephant
  5092 | D        | Killed an elephant
  5190 | D        | Found Vuamo Ram's Antique Weapon Shoppe.
  5190 | D        | Noticed an orc warrior
  5191 | D        | Noticed an orc warrior
  5193 | D        | Noticed an orc priest
  5193 | D        | Noticed an orc warrior
  5196 | D        | Noticed an orc priest
  5196 | D        | Killed an orc warrior
  5200 | D        | Noticed an orc priest
  5201 | D        | Killed an orc warrior
  5205 | D        | Killed an orc priest
  5232 | D        | Killed an orc priest
  5237 | D        | Killed an orc priest
  5258 | D        | Killed an orc warrior
  5492 | D        | Bought a book of Burglary for 975 gold pieces
  5496 | D        | Learned a level 3 spell: Passwall
  5501 | D        | Learned a level 4 spell: Passage of Golubria
  5507 | D        | Learned a level 5 spell: Lee's Rapid Deconstruction
  5514 | D        | Learned a level 6 spell: Darkness
  5521 | D        | Learned a level 6 spell: Invisibility
  5613 | D        | Noticed Harold
  5613 | D        | Noticed Joseph
  5615 | D        | Killed Harold
  5615 | D        | Reached skill level 22 in Stealth
  5615 | D        | Reached skill level 1 in Translocations
  5615 | D        | Reached skill level 1 in Transmutations
  5615 | D        | Reached skill level 1 in Earth Magic
  5617 | D        | Killed Joseph
  5625 | D        | Noticed a six-headed hydra simulacrum
  5625 | D        | Noticed a fire dragon simulacrum
  5625 | D        | Noticed a five-headed hydra simulacrum
  5625 | D        | Annihilated by a six-headed hydra simulacrum

Vault maps used:
D:        dungeon_sprint_mu

Action                   |  1- 3 |  4- 6 |  7- 9 | 10-12 | 13-15 || total
-------------------------+-------+-------+-------+-------+-------++-------
Melee: Dagger            |    16 |    73 |    49 |   102 |    23 ||   263
 Cast: Corona            |     2 |     2 |       |       |       ||     4
       Ensorcelled Hiber |     2 |     2 |    42 |    29 |    11 ||    86
       Confuse           |     1 |       |       |     4 |       ||     5
       Dazzling Spray    |       |     6 |    15 |    36 |    10 ||    67
       Passwall          |       |       |       |       |     3 ||     3
Invok: Shadow Step       |       |       |       |    13 |     2 ||    15
  Use: Potion            |       |     6 |     1 |     1 |     3 ||    11
       Scroll            |       |     3 |       |       |       ||     3
 Stab: Sleeping          |     3 |     5 |    31 |    51 |    12 ||   102
       Confused          |     1 |       |       |     5 |       ||     6
       Invisible         |       |       |     3 |     9 |     3 ||    15
       Distracted        |       |       |       |     1 |       ||     1
  Eat: Bread ration      |       |       |     1 |       |       ||     1
